 Dungeon Crawl Stone Soup version 0.25.1-2-g60ff931df9 (webtiles) character file.

Game seed: 3517221675051701303

1560 Araneus the Spear-Bearer (level 8, 0/61 HPs)
             Began as a Demonspawn Fighter on Oct 20, 2020.
             Was an Initiate of Okawaru.
             Killed by divine providence
             ... invoked by an orc priest
              (12 damage)
             ... on level 8 of the Dungeon on Oct 22, 2020.
             The game lasted 00:21:18 (6810 turns).

Araneus the Spear-Bearer (Demonspawn Fighter)       Turns: 6810, Time: 00:21:19

Health: 0/61       AC:  8    Str: 19    XL:     8   Next: 58%
Magic:  8/8        EV:  7    Int:  9    God:    Okawaru [......]
Gold:   296        SH: 11    Dex: 15    Spells: 3/7 levels left

rFire    . . .     SeeInvis .   a - +8 spear (freeze)
rCold    . . .     Gourm    .   m - +2 kite shield
rNeg     . . .     Faith    .   b - +0 scale mail
rPois    .         Spirit   .   (no helmet)
rElec    .         Reflect  .   q - +0 cloak
rCorr    .         Harm     .   (no gloves)
MR       .....                  u - +0 pair of boots
Stlth    +.........             (no amulet)
HPRegen  0.20/turn              (no ring)
MPRegen  0.11/turn              (no ring)

@: marked, mesmerised
A: claws 1, thin skeletal structure 1, demonic guardian 1, powered by death 1
a: Renounce Religion


You were on level 8 of the Dungeon.
You worshipped Okawaru.
Okawaru was noncommittal.
You were not hungry.

You visited 2 branches of the dungeon, and saw 9 of its levels.

You collected 296 gold pieces.

Inventory:

Hand Weapons
 a - a +8 spear of freezing (weapon)
Armour
 b - a +0 scale mail (worn)
 m - a +2 kite shield (worn)
 q - a +0 cloak (worn)
 u - a +0 pair of boots (worn)
 x - +0 steam dragon scales
Wands
 i - a wand of enslavement (8)
 p - a wand of digging (7)
 v - a wand of polymorph (7)
Scrolls
 c - a scroll of random uselessness {unknown}
 e - 2 scrolls of enchant weapon
 g - a scroll of enchant armour {unknown}
 j - 2 scrolls of immolation {unknown}
 l - 2 scrolls of remove curse
 r - a scroll of teleportation {unknown}
 s - a scroll of blinking {unknown}
 t - a scroll of amnesia
Potions
 d - 3 potions of mutation
 h - 3 potions of curing
 k - a potion of ambrosia
 n - a potion of lignification {unknown}
 z - a potion of invisibility {unknown}
Comestibles
 f - 14 rations
 w - 7 chunks of flesh


   Skills:
 - Level 4.4 Fighting
 + Level 9.1 Polearms
 - Level 2.7 Armour
 - Level 0.5 Stealth
 - Level 4.0 Shields


You had 3 spell levels left.
You knew the following spells:

 Your Spells              Type           Power        Failure   Level  Hunger
a - Petrify               Tmut/Erth      #.......     100%        4    #####..

Your spell library contained the following spells:

 Spells                   Type           Power        Failure   Level  Hunger
 Freeze                   Ice            #...         99%         1    ##.....
 Confusing Touch          Hex            #.......     100%        3    ####...
 Frozen Ramparts          Ice            #.....       100%        3    ####...
 Gell's Gravitas          Tloc           #.........   100%        3    ####...
 Ozocubu's Armour         Chrm/Ice       #.......     100%        3    ####...
 Hailstorm                Conj/Ice       #.......     100%        4    #####..
 Summon Ice Beast         Ice/Summ       #.......     100%        4    #####..
 Metabolic Englaciation   Hex/Ice        #.........   100%        5    ######.
 Yara's Violent Unravell  Hex/Tmut       #.........   100%        5    ######.


Dungeon Overview and Level Annotations

Branches:
Dungeon (9/15)             Temple (1/1) D:6
   Lair: D:8-11         Orc: D:9-12

Altars:
Ashenzari
Dithmenos
Elyvilon
Fedhas
Gozag
Hepliaklqana
Kikubaaqudgha
Makhleb
Nemelex Xobeh
Okawaru
Qazlal
Trog
Uskayaw
Wu Jian
Xom
Yredelemnul
Zin
The Shining One

Annotations:
D:8 Erica, Harold, Maggie


Innate Abilities, Weirdness & Mutations

You have sharp fingernails.
You have a somewhat thin skeletal structure. (Dex +2, Stealth)
A weak demonic guardian rushes to your aid.
You regenerate a little health from kills.


Message History

The orc warrior struggles against the net.
The orc warrior hits you with a +0 war axe.
The orc hits you but does no damage.
The orc priest calls down the wrath of Beogh upon you.
Beogh smites you!
Harold hits your quasit with a +5 trident of flaming!
Your quasit dies!
The scorpion stings you.
Maggie shouts!
The orc shouts!
You hit Maggie. You freeze Maggie.
Maggie is severely wounded.
The orc warrior struggles against the net.
Maggie points at you and mumbles some strange words.
The bolt of fire hits you!
* * * LOW HITPOINT WARNING * * *
The orc barely misses you. You block the orc warrior's attack.
You block the scorpion's attack.
The orc priest mumbles some strange prayers to Beogh against you.
Beogh smites you!
You die...

........# #...o..@.o
.!......# #..5#
........## ###..##
.........# ###.#5..##
.........###........###.
.#........@.......>.....
.[......o5oo#.####...#..
.#...s.o..#### .......
####.@o{..# #..#.##.
#..ยง@o...# #..###
#..........^# ##.#
.........>[#... ..#
#.........###... .##
#.........# #..
#.###..##.# #. #.. .#


You could see Harold, Maggie (mesmerising), 2 orc warriors, a scorpion, an orc
priest, a crimson imp and 3 orcs.

Vanquished Creatures
  A steam dragon (D:9)
  An ice beast (D:4)
  An ogre (D:2)
  An eye of draining (D:3)
  A bullfrog (D:6)
  3 wights (D:6)
  A howler monkey (D:5)
  A bullfrog zombie (D:6)
  2 crimson imps (D:5)
  A jelly (D:5)
  3 orc wizards
  A bullfrog skeleton (D:6)
  Crazy Yiuf (D:3)
  4 hounds
  4 orc priests
  Ijyb (D:3)
  3 iguanas
  A worker ant (D:5)
  Terence (D:2)
  3 gnolls (D:6)
  6 adders
  A shadow imp (D:5)
  An ooze (D:3)
  5 worms (D:4)
  2 dart slugs
  3 leopard geckos
  34 orcs
  5 giant cockroaches
  8 goblins
  6 hobgoblins
  6 jackals
  4 kobolds
  2 quokkas
  A ball python (D:2)
  5 bats
  A frilled lizard (D:1)
  9 rats
134 creatures vanquished.

Vanquished Creatures (collateral kills)
  An eye of draining (D:3)
  A hound (D:9)
  An orc wizard (D:9)
  Jessica (D:3)
  Robin (D:3)
  2 adders
  3 orcs
  5 goblins (D:3)
  3 hobgoblins (D:3)
18 creatures vanquished.

Vanquished Creatures (others)
  An orc wizard (D:4)
1 creature vanquished.

Grand Total: 153 creatures vanquished

Notes
Turn   | Place    | Note
-------+----------+-------------------------------------------
     0 | D:1      | Araneus the Demonspawn Fighter began the quest for the Orb.
     0 | D:1      | Reached XP level 1. HP: 18/18 MP: 1/1
   196 | D:1      | Gained mutation: You regenerate a little health from kills.
                  | [demonic ancestry]
   196 | D:1      | Reached XP level 2. HP: 24/24 MP: 2/2
   247 | D:1      | Reached skill level 2 in Polearms
   789 | D:2      | Noticed an ogre
   800 | D:2      | Killed an ogre
   800 | D:2      | Reached XP level 3. HP: 16/30 MP: 3/3
   800 | D:2      | Gained mutation: A weak demonic guardian rushes to your
                  | aid. [demonic ancestry]
   800 | D:2      | Reached XP level 4. HP: 20/37 MP: 4/4
  1020 | D:2      | Reached skill level 3 in Polearms
  1278 | D:2      | Noticed Terence
  1289 | D:2      | Killed Terence
  1289 | D:2      | Reached XP level 5. HP: 28/42 MP: 5/5
  1897 | D:3      | Noticed Ijyb
  1911 | D:3      | Killed Ijyb
  1944 | D:3      | Noticed an eye of draining
  1956 | D:3      | Noticed an eye of draining
  1963 | D:3      | Killed an eye of draining
  1970 | D:3      | Killed an eye of draining
  1970 | D:3      | Reached skill level 4 in Polearms
  1970 | D:3      | Gained mutation: You have a somewhat thin skeletal
                  | structure. (Dex +2, Stealth) [demonic ancestry]
  1970 | D:3      | Reached XP level 6. HP: 49/49 MP: 0/6
  1991 | D:3      | Found a bloodstained altar of Trog.
  2066 | D:3      | Noticed Jessica
  2074 | D:3      | Noticed Robin
  2085 | D:3      | Killed Jessica
  2094 | D:3      | Killed Robin
  2299 | D:3      | Found a runed translucent door.
  2300 | D:3      | Noticed Crazy Yiuf
  2307 | D:3      | Killed Crazy Yiuf
  2850 | D:4      | Noticed an ice beast
  2867 | D:4      | Killed an ice beast
  2867 | D:4      | Reached skill level 5 in Polearms
  3138 | D:4      | Found a hazy altar of Hepliaklqana.
  3146 | D:4      | Found an opulent altar of Gozag.
  3152 | D:4      | Found a glowing golden altar of the Shining One.
  3239 | D:4      | Gained mutation: You have sharp fingernails. [demonic
                  | ancestry]
  3239 | D:4      | Reached XP level 7. HP: 43/55 MP: 7/7
  3274 | D:4      | HP: 1/55 [orc/+0 morningstar (4)]
  3621 | D:4      | Reached skill level 6 in Polearms
  4268 | D:5      | Entered Level 5 of the Dungeon
  4292 | D:5      | Found a white marble altar of Elyvilon.
  4440 | D:5      | Learned a level 4 spell: Petrify
  4447 | D:5      | Found a glowing golden altar of the Shining One.
  4629 | D:5      | Reached skill level 7 in Polearms
  4652 | D:5      | Found a blossoming altar of Fedhas.
  4653 | D:5      | Found an ancient bone altar of Kikubaaqudgha.
  5325 | D:6      | Reached XP level 8. HP: 51/61 MP: 8/8
  5746 | D:6      | Reached skill level 8 in Polearms
  6039 | D:6      | Found a sparkling altar of Nemelex Xobeh.
  6371 | D:6      | Found a staircase to the Ecumenical Temple.
  6378 | Temple   | Entered the Ecumenical Temple
  6431 | Temple   | Became a worshipper of Warmaster Okawaru
  6581 | D:6      | You fall into a shaft and drop 3 floors!
  6666 | D:9      | Found a runed translucent door.
  6697 | D:9      | Reached skill level 9 in Polearms
  6700 | D:9      | Noticed an orc knight
  6782 | D:8      | Noticed Erica
  6782 | D:8      | Noticed Harold
  6791 | D:8      | Noticed Maggie
  6810 | D:8      | Killed from afar by an orc priest

Illustrated notes

Levels and vault maps discovered:
D:1:      giann_bridges, layout_loops_ring
D:2:      layout_rooms, minmay_misc_feat_more_columns, grunt_decor_fettered,
          uniq_terence
D:3:      layout_loops_ring, trog_eyes_of_draining, serial_rivers,
          chequers_serial_rivers_marsh, chequers_serial_rivers_micro_c,
          chequers_serial_rivers_micro_a, chequers_serial_rivers_small_b,
          chequers_serial_rivers_micro_b, uniq_ijyb, uniq_crazy_yiuf_cottage,
          uniq_robin, uniq_jessica
D:4:      layout_loops_ring, minmay_overflow_temple_star_quad,
          minmay_box_of_dots
D:5:      layout_loops_ring, grunt_temple_overflow_growth_and_decay,
          basic_altar, first_ration, nicolae_tso_carved_into_rock
D:6:      layout_loops_corners, nemelex_xobeh_ov_fountains_minmay,
          minmay_temple_entry_mini_moons, hex_tiny,
          ebering_dispersal_statue_hall
D:8:      layout_cave_pools, serial_shops, nicolae_shop_trees, uniq_erica,
          uniq_maggie, uniq_harold
D:9:      layout_rooms, nicolae_overflow_quartered_altars, the_bakery,
          lightli_church_of_beogh
Temple:   eino_temple_lava

Skill      XL: |  1  2  3  4  5  6  7  8 |
---------------+-------------------------+-----
Polearms       | 2 3 4 5 7 9 |  9.1
Shields        | 3 4 |  4.0
Fighting       | 4 |  4.4
Armour         | |  2.7
Stealth        | |  0.5

Action                   |  1- 3 |  4- 6 |  7- 9 || total
-------------------------+-------+-------+-------++-------
Melee: Trident           |    75 |   234 |   302 ||   611
       Spear             |       |       |    53 ||    53
  Use: Potion            |     1 |       |     3 ||     4
       Scroll            |       |     3 |     9 ||    12
  Eat: Chunk             |       |     8 |    12 ||    20
Armor: Scale mail        |    24 |    57 |    92 ||   173
Dodge: Dodged            |    16 |    40 |    59 ||   115
Block: Kite shield       |    21 |    95 |   111 ||   227
